[Event "ICCopen2016"]
[Site "Internet Chess Club"]
[Date "2016.06.04"]
[Round "3"]
[White "tangent"]
[Black "Eros"]
[Result "1-0"]
[ICCResult "Black forfeits on time"]
[WhiteElo "1944"]
[BlackElo "2720"]
[Opening "Catalan opening"]
[ECO "A63"]
[NIC "CA.01"]
[Time "14:24:15"]
[TimeControl "180+0"]

1. d4 Nf6 2. c4 e6 3. g3 c5 4. d5 exd5 5. cxd5 d6 6. Nc3 g6 7. Bg2 a6 8. a4
Bg7 9. Nf3 O-O 10. O-O Re8 11. Bf4 Nbd7 12. Bxd6 Qb6 13. Bf4 Qxb2 14. Qc1
Qxc1 15. Raxc1 h6 16. Rfe1 g5 17. Bc7 b5 18. axb5 axb5 19. Nxb5 Nxd5 20.
Nxg5 hxg5 21. Bxd5 Ra6 22. Nd6 Rf8 23. Nxc8 Rxc8 24. Bb7 Rxc7 25. Bxa6 Bf6
26. Bc4 Kg7 27. Red1 Ne5 28. Bd5 g4 29. f3 Be7 30. f4 Nd7 31. e4 Nb6 32. Kf2
c4 33. Rd2 Ba3 34. Rcc2 c3 35. Rd3 Bb2 36. Ke3 f5 37. exf5 Kf6 38. Be6 Rc5
39. Rd6 Rb5 40. Bc4+ Ke7 41. Re6+ {Black forfeits on time} 1-0

[Event "ICCopen2016"]
[Site "Internet Chess Club"]
[Date "2016.06.04"]
[Round "3"]
[White "Darnoc"]
[Black "mdrasko"]
[Result "1-0"]
[ICCResult "Black forfeits on time"]
[WhiteElo "2853"]
[BlackElo "2455"]
[Opening "Nimzo-Indian: classical variation"]
[ECO "E32"]
[NIC "NI.24"]
[Time "14:23:15"]
[TimeControl "180+0"]

1. d4 e6 2. c4 Nf6 3. Nc3 Bb4 4. Qc2 O-O 5. e4 d6 6. a3 Bxc3+ 7. bxc3 Nbd7
8. Bd3 c5 9. Ne2 Qc7 10. Rb1 cxd4 11. cxd4 b6 12. O-O Ba6 13. Bg5 Rfc8 14.
Rbc1 b5 15. c5 dxc5 16. e5 h6 17. Bxh6 c4 18. exf6 Nxf6 19. Bg5 Qb7 20. Bxf6
cxd3 21. Qxd3 gxf6 22. Qg3+ Kf8 23. Qd6+ Ke8 24. Ng3 Rxc1 25. Rxc1 Rc8 26.
Re1 Rc6 27. Nf5 Qd7 28. Qb8+ Qd8 29. Qxa7 Qc7 30. Qa8+ Bc8 31. d5 Rc1 32.
Nd6+ Kf8 33. Rf1 Qxd6 34. Rxc1 Kg7 35. Qxc8 Qxd5 36. Qc2 f5 37. Qb2+ Kg6 38.
Qb4 Qd3 39. Qc3 Qd5 40. Qg3+ Kf6 41. h4 Qe4 42. Qg5+ Ke5 43. Qe3 f4 44.
Qxe4+ Kxe4 45. Rb1 Kf5 46. Rb4 e5 47. Rxb5 f6 48. a4 Kg4 49. a5 Kxh4 50. a6
Kg5 51. Rb4 Kf5 52. a7 Kg5 53. a8=Q Kf5 54. Qc8+ Kg5 55. Rb7 e4 56. Qe6 e3
57. Rg7+ Kh4 58. Qg8 exf2+ 59. Kh2 {Black forfeits on time} 1-0

[Event "ICCopen2016"]
[Site "Internet Chess Club"]
[Date "2016.06.04"]
[Round "3"]
[White "muhit"]
[Black "BitsofKoin"]
[Result "0-1"]
[ICCResult "White forfeits on time"]
[WhiteElo "1841"]
[BlackElo "2343"]
[Opening "QGD: Tarrasch, Prague variation, Normal position"]
[ECO "D34"]
[NIC "TD.04"]
[Time "14:23:45"]
[TimeControl "180+0"]

1. d4 d5 2. c4 e6 3. Nc3 c5 4. cxd5 exd5 5. Nf3 Nc6 6. g3 Nf6 7. Bg2 Be7 8.
O-O O-O 9. a3 Re8 10. Bg5 cxd4 11. Nxd4 h6 12. Bf4 Qb6 13. Nxc6 bxc6 14. b4
Bg4 15. Be3 Qa6 16. Qd3 Qb7 17. Na4 Bf8 18. Nc5 Qc8 19. Rfe1 a5 20. Bd4 Nh7
21. f3 Bf5 22. e4 Bg6 23. Qc3 dxe4 24. fxe4 Ng5 25. h4 Ne6 26. Nxe6 axb4 27.
axb4 Rxa1 28. Rxa1 Qxe6 29. Re1 Rb8 30. Bc5 Bxc5+ 31. bxc5 Rb3 32. Qd4 Rxg3
33. Kh2 Qg4 34. Qf2 Qxh4+ 35. Kg1 Qg4 36. Re3 Rxe3 37. Qxe3 h5 38. Kf2 h4
39. Bh3 Qh5 40. Qf4 Qxc5+ 41. Kf3 Qc3+ 42. Kg2 Qc2+ 43. Kg1 Qxe4 44. Qxe4
Bxe4 45. Kf2 f5 46. Ke3 Kf7 47. Kf4 Kf6 48. Bf1 g5+ 49. Ke3 Ke5 50. Be2 f4+
51. Kf2 f3 52. Bf1 Kf4 53. Bh3 g4 {White forfeits on time} 0-1

[Event "ICCopen2016"]
[Site "Internet Chess Club"]
[Date "2016.06.04"]
[Round "3"]
[White "dineshsharma"]
[Black "blitzmaniac"]
[Result "0-1"]
[ICCResult "White forfeits on time"]
[WhiteElo "2415"]
[BlackElo "2832"]
[Opening "Scandinavian (center counter) defense"]
[ECO "B01"]
[NIC "VO.17"]
[Time "14:23:02"]
[TimeControl "180+0"]

1. e4 d5 2. exd5 Qxd5 3. Nf3 Nf6 4. d4 g6 5. h3 Bg7 6. c4 Qd6 7. Nc3 O-O 8.
Be2 c6 9. O-O Na6 10. a3 Bf5 11. Be3 Ne4 12. Qb3 Qc7 13. Rac1 Rad8 14. Rfd1
Nb8 15. Bf1 Nd7 16. Ne2 Nb6 17. Bf4 Qc8 18. Qe3 Rfe8 19. g4 Bxg4 20. hxg4
Qxg4+ 21. Bg2 Nd6 22. b3 Nf5 23. Qe4 Nd7 24. Nh2 Qh4 25. Bc7 Rc8 26. Qxh4
Nxh4 27. Bg3 Nf5 28. Nf3 Nf6 29. Bh3 Ne4 30. Bf4 Bf8 31. Ng3 Nexg3 32. fxg3
Rcd8 33. Bxf5 gxf5 34. b4 f6 35. Kf2 e6 36. Be3 Ra8 37. Rh1 a5 38. c5 axb4
39. axb4 Ra4 40. Bd2 e5 41. Ra1 Rea8 42. Rxa4 Rxa4 43. dxe5 fxe5 44. Nxe5
Ra2 45. Nf3 Bg7 46. Ke2 Ra8 47. Rb1 Re8+ 48. Kf2 Bf8 49. Bf4 Rd8 50. Ke3
Re8+ 51. Kf2 Rd8 52. Nh4 Rd5 53. Rb2 Kf7 54. Rd2 Rxd2+ 55. Bxd2 Ke6 56. Kf3
Be7 57. Ng2 Kd5 58. Nf4+ Kc4 59. Ne6 Kd3 60. Be1 Bf6 61. Nf4+ Kc4 62. Nh5
Bd4 63. Nf4 Bc3 64. Ne6 Bxe1 65. Nd8 Bxb4 66. Nxb7 Bxc5 67. Nd8 Bd6 68. Nxc6
Kd5 69. Nd8 Be7 70. Nf7 Ke6 71. Nh6 Bg5 {White forfeits on time} 0-1

[Event "ICCopen2016"]
[Site "Internet Chess Club"]
[Date "2016.06.04"]
[Round "3"]
[White "Ancient"]
[Black "Svinotigr"]
[Result "1-0"]
[ICCResult "Black resigns"]
[WhiteElo "2062"]
[BlackElo "1655"]
[Opening "Philidor: Hanham variation"]
[ECO "B07"]
[NIC "VO.17"]
[Time "14:23:47"]
[TimeControl "180+0"]

1. e4 d6 2. d4 Nd7 3. Nf3 e5 4. Nc3 g6 5. dxe5 dxe5 6. Bc4 Bg7 7. O-O Ngf6
8. Bg5 O-O 9. Qd2 Re8 10. Rfe1 h5 11. Nd5 c6 12. Nxf6+ Bxf6 13. h4 Qe7 14.
Rad1 Nf8 15. Bxf6 Qxf6 16. Ng5 Be6 17. Qc3 Bxc4 18. Qxc4 Ne6 19. Rd6 Rad8
20. Red1 Rxd6 21. Rxd6 Rd8 22. Qd3 Rxd6 23. Qxd6 Kg7 24. Nxe6+ Qxe6 25. Qxe6
fxe6 26. Kf1 g5 27. hxg5 Kg6 28. g3 Kxg5 29. Kg2 c5 30. Kh3 c4 31. f3 b5 32.
Kg2 h4 33. g4 Kf4 34. Kh3 Kg5 35. c3 a5 36. a3 a4 37. Kh2 Kf4 38. Kg2 h3+
39. Kxh3 Kxf3 40. g5 Kf4 41. g6 {Black resigns} 1-0

[Event "ICCopen2016"]
[Site "Internet Chess Club"]
[Date "2016.06.04"]
[Round "3"]
[White "MBJPM"]
[Black "AttackSparrow"]
[Result "0-1"]
[ICCResult "White forfeits on time"]
[WhiteElo "1838"]
[BlackElo "2335"]
[Opening "Sicilian: Taimanov (Bastrikov) variation"]
[ECO "B47"]
[NIC "SI.40"]
[Time "14:23:29"]
[TimeControl "180+0"]

1. e4 c5 2. Nf3 e6 3. d4 cxd4 4. Nxd4 Nc6 5. Nc3 Qc7 6. g3 a6 7. Bg2 Nf6 8.
Be3 h5 9. Nb3 b5 10. Qd2 Bb7 11. O-O-O Ne5 12. Bf4 Be7 13. Kb1 O-O 14. Qe2
d6 15. Bc1 b4 16. f4 bxc3 17. fxe5 dxe5 18. Bg5 a5 19. Rhf1 a4 20. Nc1 Qb6
21. b3 axb3 22. cxb3 Rfc8 23. Qc2 Ng4 24. h3 Bxg5 25. hxg4 hxg4 26. Nd3 Ba6
27. Nxe5 Bxf1 28. Rxf1 Rc7 29. Nxg4 Qa5 30. e5 Rd8 31. Be4 Rd2 32. Bh7+ Kf8
33. Bg6 Rxc2 34. Kxc2 Qxa2+ 35. Kd3 Qd2+ 36. Ke4 Ke8 {White forfeits on
time} 0-1

[Event "ICCopen2016"]
[Site "Internet Chess Club"]
[Date "2016.06.04"]
[Round "3"]
[White "YoureFired"]
[Black "ShadowLike"]
[Result "1-0"]
[ICCResult "Black forfeits on time"]
[WhiteElo "1795"]
[BlackElo "1938"]
[Opening "Ruy Lopez: Schliemann defense"]
[ECO "C63"]
[NIC "RL.06"]
[Time "14:24:09"]
[TimeControl "180+0"]

1. e4 e5 2. Nf3 Nc6 3. Bb5 f5 4. d3 fxe4 5. dxe4 Nf6 6. Qe2 Bc5 7. O-O d6 8.
Bg5 Qe7 9. Nc3 a6 10. Nd5 Qf7 11. Bc4 Nxd5 12. Bxd5 Be6 13. Bxe6 Qxe6 14. c3
O-O 15. Be3 Ba7 16. Bxa7 Rxa7 17. Qe3 Raa8 18. Ng5 Qg6 19. f3 h6 20. Nh3 Qh5
21. Nf2 g5 22. Ng4 Qg6 23. Qd3 h5 24. Qd5+ Kh7 25. Ne3 Qf7 26. Qxf7+ Rxf7
27. Nf5 Ne7 28. Nxe7 Rxe7 29. Rad1 Rf8 30. Rd2 Kg6 31. Kf2 g4 32. Ke3 Ref7
33. Rdf2 Kg5 34. fxg4 Rxf2 35. Rxf2 Rxf2 36. Kxf2 hxg4 37. Kg3 b5 38. h3
gxh3 39. gxh3 c6 40. b3 d5 41. exd5 cxd5 42. a3 Kf5 43. h4 a5 44. a4
{Black forfeits on time}
1-0

[Event "ICCopen2016"]
[Site "Internet Chess Club"]
[Date "2016.06.04"]
[Round "3"]
[White "marianzaim"]
[Black "xavielhumilde"]
[Result "1-0"]
[ICCResult "Black checkmated"]
[WhiteElo "1977"]
[BlackElo "1599"]
[Opening "English, 1...Nf6 (Anglo-Indian defense)"]
[ECO "A15"]
[NIC "EO.64"]
[Time "14:23:40"]
[TimeControl "180+0"]

1. c4 Nf6 2. g3 c5 3. Bg2 e6 4. Nf3 Be7 5. O-O O-O 6. d4 cxd4 7. Nxd4 a6 8.
b3 Qc7 9. Bb2 d6 10. Nc3 Bd7 11. Qd2 Nc6 12. e3 Nxd4 13. exd4 Rfe8 14. Rfe1
Rac8 15. Rad1 b6 16. h3 Bc6 17. d5 exd5 18. cxd5 Bd7 19. Rc1 Qb7 20. b4 Bf5
21. a3 Nd7 22. f4 h5 23. Kh2 Bf6 24. Bf3 Bxc3 25. Rxe8+ Rxe8 26. Qxc3 f6 27.
Bxh5 g6 28. Bf3 Qb8 29. Qc7 Qxc7 30. Rxc7 Re3 31. Kg2 Rb3 32. Bd4 Rxa3 33.
g4 Rd3 34. gxf5 Rxd4 35. Rxd7 gxf5 36. Rxd6 Rxb4 37. Rxf6 a5 38. d6 Rd4 39.
d7 Rxd7 40. Rxb6 Rd4 41. Kg3 a4 42. Ra6 Kg7 43. Bg2 Rd3+ 44. Bf3 a3 45. Kf2
Rb3 46. Bd5 Rxh3 47. Bf3 a2 48. Rxa2 Rh2+ 49. Bg2 Rh6 50. Kg3 Rb6 51. Ra7+
Kf6 52. Bf3 Rd6 53. Rc7 Rb6 54. Rc6+ Rxc6 55. Bxc6 Kg6 56. Kf3 Kf6 57. Ke3
Ke6 58. Bb7 Kd6 59. Bc8 Ke7 60. Bxf5 Kf6 61. Bg4 Kg6 62. Ke4 Kf6 63. f5 Kg5
64. Ke5 Kxg4 65. f6 Kg3 66. Ke6 Kg2 67. f7 Kh1 68. f8=Q Kh2 69. Qg8 Kh1 70.
Kf5 Kh2 71. Kf4 Kh3 72. Qg3# {Black checkmated} 1-0

[Event "ICCopen2016"]
[Site "Internet Chess Club"]
[Date "2016.06.04"]
[Round "3"]
[White "GreyWarden"]
[Black "Anarchy"]
[Result "0-1"]
[ICCResult "White resigns"]
[WhiteElo "2025"]
[BlackElo "2812"]
[Opening "Sicilian: Richter-Rauzer, Rauzer attack, 7...a6"]
[ECO "B66"]
[NIC "SI.27"]
[Time "14:23:39"]
[TimeControl "180+0"]

1. e4 c5 2. Nf3 d6 3. d4 cxd4 4. Nxd4 Nf6 5. Nc3 Nc6 6. Bg5 e6 7. Qd2 a6 8.
f3 Be7 9. O-O-O Nxd4 10. Qxd4 b5 11. g4 Bb7 12. Be3 O-O 13. g5 Nd7 14. h4
Rc8 15. Kb1 Qc7 16. Qd2 Ne5 17. Qf2 b4 18. Na4 Nxf3 19. Nb6 Bxe4 20. Nxc8
Rxc8 21. Bd3 Bxd3 22. cxd3 Ne5 23. h5 Ng4 24. Qe2 Nxe3 25. Qxe3 Qc5 26. Qxc5
dxc5 27. Rhg1 g6 28. hxg6 hxg6 29. Rg4 Rd8 30. Kc2 Rd5 31. Rdg1 Bf8 32. a3
a5 33. axb4 cxb4 34. R1g3 a4 35. Rc4 Bd6 36. Rgg4 Rf5 37. Rc6 Rf2+ 38. Kc1
Bf8 39. Rc8 Kg7 40. Rd4 Be7 41. Rg4 a3 42. bxa3 bxa3 43. Ra8 Rf5 44. Ra7
Bxg5+ 45. Kc2 Rf2+ 46. Kb3 Bc1 47. Rc4 Rb2+ 48. Kxa3 Rb7+ 49. Rxc1 Rxa7+ 50.
Kb4 Re7 51. Kc5 Rc7+ {White resigns} 0-1

[Event "ICCopen2016"]
[Site "Internet Chess Club"]
[Date "2016.06.04"]
[Round "3"]
[White "ardapro"]
[Black "HeyBooBooULose"]
[Result "0-1"]
[ICCResult "White forfeits on time"]
[WhiteElo "1525"]
[BlackElo "1330"]
[Opening "Old Benoni defense"]
[ECO "A43"]
[NIC "OI.09"]
[Time "14:24:01"]
[TimeControl "180+0"]

1. d4 c5 2. e3 cxd4 3. exd4 e5 4. dxe5 Qa5+ 5. Nc3 Qxe5+ 6. Be3 Nf6 7. Nf3
Qa5 8. Bc4 Bb4 9. O-O Bxc3 10. bxc3 Qxc3 11. Qe2 O-O 12. Bd4 Qa5 13. Rfe1 d5
14. Bd3 Nbd7 15. Rab1 Qc7 16. Ne5 Nxe5 17. Bxe5 Qd8 18. Qf3 Ne4 19. Bxe4
dxe4 20. Qxe4 f6 21. Bb2 Rb8 22. Qe7 Qxe7 23. Rxe7 Rf7 24. Rbe1 Rxe7 25.
Rxe7 Kf8 26. f3 Kxe7 {White forfeits on time} 0-1

[Event "ICCopen2016"]
[Site "Internet Chess Club"]
[Date "2016.06.04"]
[Round "3"]
[White "depressnyak"]
[Black "TRADE"]
[Result "0-1"]
[ICCResult "White checkmated"]
[WhiteElo "3135"]
[BlackElo "2738"]
[Opening "Sicilian"]
[ECO "B50"]
[NIC "SI.01"]
[Time "14:23:13"]
[TimeControl "180+0"]

1. e4 c5 2. Nf3 d6 3. c3 Nf6 4. g3 b6 5. Bg2 Bb7 6. d3 e6 7. O-O Be7 8. Re1
O-O 9. Nbd2 Nc6 10. a3 Rc8 11. d4 cxd4 12. cxd4 b5 13. b3 Qb6 14. Bb2 Rfd8
15. Rc1 a6 16. b4 e5 17. d5 Nb8 18. Nb3 Rxc1 19. Bxc1 Nbd7 20. Na5 Ba8 21.
Be3 Qb8 22. Nd2 Rc8 23. Bh3 Bd8 24. Ndb3 Bb6 25. Qd3 Bxe3 26. Qxe3 Rc7 27.
Rc1 Qc8 28. f3 g6 29. Rxc7 Qxc7 30. Qc1 Qxc1+ 31. Nxc1 Kf8 32. Kf2 Ke8 33.
Ke3 Kd8 34. Nd3 Kc7 35. f4 Bb7 36. Nf2 exf4+ 37. gxf4 Nb6 38. Kd4 Ba8 39.
Nd3 Kd8 40. Bg2 Kc7 41. Bf3 Kd8 42. Nc6+ Bxc6 43. dxc6 Kc7 44. e5 Ng8 45.
exd6+ Kxd6 46. Ne5 f6 47. Nf7+ Kc7 48. f5 gxf5 49. Ke3 Ne7 50. Kf4 Nc4 51.
Nh6 Nxa3 52. Nxf5 Nxf5 53. Kxf5 Nc2 54. Kxf6 Nxb4 55. Kg7 a5 56. Kxh7 a4 57.
Bd1 a3 58. Bb3 Nxc6 59. h4 Nd4 60. Bf7 b4 61. h5 b3 62. Kg8 a2 63. h6 a1=Q
64. h7 Qg1+ 65. Kf8 Qh2 66. Kg8 Qg3+ 67. Kf8 Qh4 68. Kg8 Qg5+ 69. Kf8 Qd8+
70. Kg7 Nf5+ 71. Kg6 Qh8 72. Bg8 b2 73. Kxf5 b1=Q+ 74. Kf4 Qg1 75. Kf5 Qh2
76. Ke6 Qh4 77. Kf7 Qh6 78. Ke8 Q6xh7 79. Kf8 Q8xg8# {White checkmated} 0-1

[Event "ICCopen2016"]
[Site "Internet Chess Club"]
[Date "2016.06.04"]
[Round "3"]
[White "burbur"]
[Black "Dlugy"]
[Result "0-1"]
[ICCResult "White forfeits on time"]
[WhiteElo "2514"]
[BlackElo "2909"]
[Opening "King's Indian: fianchetto, Kavalek (Bronstein) variation"]
[ECO "A05"]
[NIC "KI.74"]
[Time "14:23:50"]
[TimeControl "180+0"]

1. Nf3 Nf6 2. c4 g6 3. g3 Bg7 4. Bg2 O-O 5. O-O d6 6. d4 c6 7. Nc3 Qa5 8. e4
e5 9. d5 cxd5 10. cxd5 b5 11. Re1 b4 12. Nb1 Nbd7 13. Nfd2 Nc5 14. Nb3 Nxb3
15. Qxb3 Bd7 16. Bd2 Rfb8 17. a3 Qb6 18. Qxb4 a5 19. Qxb6 Rxb6 20. Bc3 Bb5
21. Nd2 Nd7 22. Bf1 Bxf1 23. Kxf1 Nc5 24. Nc4 Rba6 25. Nxa5 Nd3 26. Re3 Nxb2
27. Bxb2 Rxa5 28. Rb3 Ra4 29. f3 f5 30. Re1 Rc8 31. Re2 Rcc4 32. exf5 gxf5
33. Rb6 Bf8 34. Rb8 Kf7 35. Kg2 h5 36. Kh3 Ra5 37. Rb7+ Be7 38. f4 e4 39.
Rd2 Rcc5 40. Kg2 Rxd5 41. Rc2 Rac5 42. Rxc5 Rxc5 43. Kf1 Rc2 44. h4 Ke6 45.
Rb5 Bf6 46. Bxf6 Kxf6 47. a4 Ra2 48. a5 Ke6 49. Ke1 d5 50. Rb6+ Kd7 51. a6
d4 52. Rb7+ Kc6 {White forfeits on time} 0-1

[Event "ICCopen2016"]
[Site "Internet Chess Club"]
[Date "2016.06.04"]
[Round "3"]
[White "akibael"]
[Black "RLH2"]
[Result "0-1"]
[ICCResult "White resigns"]
[WhiteElo "2265"]
[BlackElo "2776"]
[Opening "Robatsch defense: two knights, Suttles variation"]
[ECO "A04"]
[NIC "QP.11"]
[Time "14:24:20"]
[TimeControl "180+0"]

1. Nf3 g6 2. d4 Bg7 3. e4 d6 4. Nc3 c6 5. Bg5 Bg4 6. Qd2 h6 7. Bh4 g5 8. Bg3
e5 9. dxe5 Bxf3 10. gxf3 dxe5 11. Qxd8+ Kxd8 12. h4 Nd7 13. O-O-O Ke7 14.
Bc4 Ngf6 15. a4 Rad8 16. a5 Nh5 17. b4 Bf6 18. Ne2 b5 19. axb6 axb6 20. c3
b5 21. Bb3 c5 22. Bd5 cxb4 23. cxb4 Nb6 24. Bb3 Nf4 25. Bxf4 exf4 26. hxg5
hxg5 27. Rxh8 Rxh8 28. Nd4 Bxd4 29. Rxd4 Rh3 30. Rd3 g4 31. Bd1 g3 32. fxg3
fxg3 33. Rd2 Rh2 34. f4 Rxd2 35. Kxd2 g2 {White resigns} 0-1

[Event "ICCopen2016"]
[Site "Internet Chess Club"]
[Date "2016.06.04"]
[Round "3"]
[White "Eccebombo"]
[Black "kaimann"]
[Result "0-1"]
[ICCResult "White forfeits on time"]
[WhiteElo "1508"]
[BlackElo "1986"]
[Opening "Alekhine's defense: modern, Schmid variation"]
[ECO "B03"]
[NIC "AL.09"]
[Time "14:24:27"]
[TimeControl "180+0"]

1. e4 Nf6 2. e5 Nd5 3. d4 Nb6 4. Nf3 d6 5. Bd3 g6 6. O-O Bg7 7. Re1 O-O 8.
Nc3 Bg4 9. exd6 exd6 10. Be3 Nc6 11. Be2 Bxf3 12. Bxf3 Nc4 13. b3 Nxe3 14.
fxe3 a6 15. Rc1 Qg5 16. Qe2 Rfe8 17. Ne4 Qd8 18. c4 f5 19. Nc3 Nxd4 20. Qf2
Nxf3+ 21. Qxf3 c6 22. Ne2 Qe7 23. Nf4 Rad8 24. Rcd1 Be5 25. Ne2 Bg7 26. Nf4
Be5 27. Ne2 Qh4 28. Ng3 Bxg3 29. hxg3 Qe4 30. Qf2 d5 31. Rd4 Qe5 32. cxd5
Rxd5 33. Rxd5 Qxd5 34. Qf4 Qe5 35. Qc4+ Qe6 36. Qb4 Qf7 37. e4 fxe4 38. Rxe4
Rf8 39. Rf4 Qg7 40. Qc4+ Kh8 {White forfeits on time} 0-1

[Event "ICCopen2016"]
[Site "Internet Chess Club"]
[Date "2016.06.04"]
[Round "3"]
[White "Art"]
[Black "cloak1"]
[Result "1-0"]
[ICCResult "Black checkmated"]
[WhiteElo "2174"]
[BlackElo "1766"]
[Opening "Sicilian: Alapin's variation (2.c3)"]
[ECO "B22"]
[NIC "SI.46"]
[Time "14:24:09"]
[TimeControl "180+0"]

1. e4 c5 2. c3 d5 3. exd5 Qxd5 4. d4 cxd4 5. cxd4 Nc6 6. Nf3 Bg4 7. Nc3 Bxf3
8. gxf3 Qxd4 9. Qxd4 Nxd4 10. Nb5 O-O-O 11. Nxd4 Rxd4 12. Be3 Rb4 13. Rc1+
Kd8 14. Bc4 e6 15. O-O Bd6 16. Rfd1 Ke7 17. Bb3 Rh4 18. Rc8 Bxh2+ 19. Kg2
Bd6 20. Bg5+ Nf6 21. Rxh8 Rh2+ 22. Kf1 Bc5 23. Rd2 Bd6 24. Bxf6+ gxf6 25.
Rg8 Rh1+ 26. Ke2 Rh5 27. Rg4 Re5+ 28. Re4 Rh5 29. Red4 Bc5 30. Rd7+ Kf8 31.
Rxb7 Rh2 32. Kd3 Kg7 33. Bxe6 Kh6 34. Rxf7 Bb6 35. Rxf6+ Kg5 36. Rf5+ Kg6
37. Ke4 Rh4+ 38. Rf4 Rh5 39. Rd6 Bc7 40. Bf7+ Kg5 41. Bxh5 Bxd6 42. Rf5+ Kh4
43. Rd5 Bh2 44. a3 Bg1 45. Ke3 Bxf2+ 46. Kxf2 Kh3 47. Bg4+ Kh2 48. Rh5#
{Black checkmated}
1-0

[Event "ICCopen2016"]
[Site "Internet Chess Club"]
[Date "2016.06.04"]
[Round "3"]
[White "LordofSwords"]
[Black "TudoracheM"]
[Result "1-0"]
[ICCResult "Black resigns"]
[WhiteElo "2120"]
[BlackElo "1714"]
[Opening "Sicilian: closed"]
[ECO "B24"]
[NIC "SI.44"]
[Time "14:24:02"]
[TimeControl "180+0"]

1. e4 c5 2. Nc3 Nc6 3. g3 g6 4. Bg2 Bg7 5. d3 h6 6. Be3 b6 7. Nge2 d6 8. Qd2
e6 9. O-O Nge7 10. Rad1 Bb7 11. h3 Nd4 12. Kh2 Qc7 13. a4 a6 14. Rde1 g5 15.
f4 gxf4 16. Nxf4 O-O-O 17. Nh5 Be5 18. Rxf7 Rdf8 19. Ref1 Qd8 20. Rxf8 Rxf8
21. Rxf8 Qxf8 22. Bxh6 Qg8 23. Bf4 Ng6 24. Bxe5 Nxe5 25. Qf2 Kb8 26. Nf4 Bc8
27. Nd1 Ndc6 28. c3 Na5 29. Ne3 Nb3 30. g4 Nc6 31. Nc4 Kc7 32. Qg3 e5 33.
Nd5+ Kb7 34. Nxd6+ Ka7 35. Nxc8+ Qxc8 36. g5 Qe6 37. g6 Qg8 38. g7 Nd2 39.
Nf6 Qe6 40. g8=Q b5 41. Qxe6 {Black resigns} 1-0

[Event "ICCopen2016"]
[Site "Internet Chess Club"]
[Date "2016.06.04"]
[Round "3"]
[White "RJoseph12"]
[Black "toguho"]
[Result "0-1"]
[ICCResult "White forfeits on time"]
[WhiteElo "1316"]
[BlackElo "1593"]
[Opening "Latvian counter-gambit"]
[ECO "C40"]
[NIC "KP.09"]
[Time "14:23:46"]
[TimeControl "180+0"]

1. e4 e5 2. Nf3 f5 3. exf5 e4 4. Nd4 Qf6 5. Nb3 d5 6. Bb5+ c6 7. Be2 Bxf5 8.
Bh5+ g6 9. Bg4 Bd6 10. Bxf5 Qxf5 11. O-O Ne7 12. d4 Nd7 13. Nc3 O-O 14. Be3
Nf6 15. Qd2 Rf7 16. h3 b6 17. f3 exf3 18. Rxf3 Qd7 19. Qf2 Nf5 20. Bg5 Ne4
21. Qf1 Raf8 22. Nxe4 dxe4 23. Rf2 e3 24. Rf3 Qe6 25. Qe2 Qd5 26. Raf1 Nxd4
27. Nxd4 Qxd4 28. Rxf7 Rxf7 29. Rxf7 Kxf7 30. Bxe3 Qe5 31. Qf2+ Kg8 32. Kf1
Qxb2 33. Bd4 Qb5+ 34. Kg1 Qf5 35. Qxf5 gxf5 36. Be3 Kf7 37. Bf2 c5 38. Kf1
Ke6 39. Ke2 Kd5 40. Kd3 c4+ 41. Kc3 Bc5 42. Kd2 Bxf2 43. g3 Bxg3 44. Ke2 Bf4
45. Kf3 Ke5 46. h4 Bh6 47. c3 b5 48. Kf2 a5 49. Ke2 b4 50. Ke1 bxc3
{White forfeits on time}
0-1

[Event "ICCopen2016"]
[Site "Internet Chess Club"]
[Date "2016.06.04"]
[Round "3"]
[White "searchforbobby1"]
[Black "manneredmonkey"]
[Result "1-0"]
[ICCResult "Black resigns"]
[WhiteElo "2079"]
[BlackElo "1641"]
[Opening "Pirc: Austrian attack, dragon formation"]
[ECO "B09"]
[NIC "PU.05"]
[Time "14:24:09"]
[TimeControl "180+0"]

1. e4 d6 2. d4 Nf6 3. Nc3 g6 4. f4 Bg7 5. Nf3 c5 6. Bc4 cxd4 7. Nxd4 O-O 8.
O-O Nc6 9. Kh1 Bg4 10. Nf3 Rc8 11. Be2 Qb6 12. Rb1 Rfd8 13. a3 a6 14. h3
Bxf3 15. Bxf3 Nd4 16. Be3 e5 17. f5 Qa7 18. Bg5 gxf5 19. exf5 Nxf5 20. Qe1
Nd4 21. Bxf6 Bxf6 22. Bxb7 Bg7 23. Be4 Qe7 24. Qg3 Rf8 25. Nd5 Qd8 26. c3
Ne6 27. Bf5 Rc5 28. Qd3 Qh4 29. b4 Rc4 30. Rbe1 Nf4 31. Nxf4 Rxf4 32. Rxf4
Qxe1+ 33. Rf1 Qh4 34. g3 Qh6 35. Kg2 Kh8 36. Rf2 Rd8 37. Qxa6 d5 38. Qxh6
Bxh6 39. Re2 f6 40. a4 Bf8 41. a5 d4 42. cxd4 Rxd4 43. b5 Ra4 44. a6 Bc5 45.
Rc2 Bd4 46. Rc7 Rb4 47. Rxh7+ Kg8 48. Rb7 Rb2+ 49. Kf3 Rf2+ 50. Ke4 Re2+ 51.
Kd5 Rd2 52. Ke6 Rc2 53. a7 Bxa7 54. Rxa7 Rc5 55. Rb7 Rc3 56. Kxf6 Rb3 57. g4
Kh8 58. Kxe5 Rb4 59. Kf6 Rxb5 60. Rxb5 {Black resigns} 1-0

[Event "ICCopen2016"]
[Site "Internet Chess Club"]
[Date "2016.06.04"]
[Round "3"]
[White "CristianS"]
[Black "blackending"]
[Result "1-0"]
[ICCResult "Black forfeits on time"]
[WhiteElo "2082"]
[BlackElo "1695"]
[Opening "Sicilian: Najdorf, Byrne (English) attack"]
[ECO "B85"]
[NIC "SI.14"]
[Time "14:24:11"]
[TimeControl "180+0"]

1. e4 c5 2. Nf3 d6 3. d4 cxd4 4. Nxd4 Nf6 5. Nc3 a6 6. Be3 e6 7. Be2 Be7 8.
O-O O-O 9. f4 Qc7 10. Kh1 Nc6 11. Qe1 Bd7 12. Qg3 Kh8 13. Rae1 b5 14. a3
Rac8 15. Bd3 Nxd4 16. Bxd4 Bc6 17. Qh3 e5 18. Be3 Bd7 19. f5 Bc6 20. Bg5 Qb7
21. Bxf6 Bxf6 22. Rd1 Rfd8 23. Qf3 b4 24. axb4 Qxb4 25. Bxa6 Ra8 26. Qd3
Qxb2 27. Bc4 Ra5 28. Rb1 Qa3 29. Rb3 Qc5 30. Bxf7 Raa8 31. Bd5 Bxd5 32. Qxd5
Qxd5 33. Nxd5 Rac8 34. c3 h6 35. g4 Rc4 36. Rb4 Rdc8 37. Rfb1 Rxb4 38. cxb4
Rc4 39. b5 Bd8 40. b6 Bxb6 41. Rxb6 Rxe4 42. h3 Re1+ 43. Kg2 Re2+ 44. Kf3
Rd2 45. Rxd6 e4+ 46. Kxe4 Rh2 47. Ne7 Rxh3 48. Ng6+ Kh7 49. Nf8+
{Black forfeits on time}
1-0

[Event "ICCopen2016"]
[Site "Internet Chess Club"]
[Date "2016.06.04"]
[Round "3"]
[White "Towinning"]
[Black "leonardoalmeida"]
[Result "1-0"]
[ICCResult "Black forfeits on time"]
[WhiteElo "2372"]
[BlackElo "1844"]
[Opening "Queen's pawn"]
[ECO "A40"]
[NIC "QO.17"]
[Time "14:24:02"]
[TimeControl "180+0"]

1. d4 e6 2. Bf4 c5 3. e3 cxd4 4. exd4 h6 5. c3 Nf6 6. h3 a6 7. Nd2 Be7 8.
Ngf3 b5 9. Bd3 Bb7 10. O-O d6 11. Re1 Nbd7 12. Bh2 O-O 13. a4 bxa4 14. Qxa4
Re8 15. Nc4 Nb6 16. Nxb6 Qxb6 17. b4 Bxf3 18. gxf3 Rec8 19. Rac1 Nd5 20. Be4
Bg5 21. Bxd5 exd5 22. Rc2 Rc4 23. Re8+ Rxe8 24. Qxe8+ Kh7 25. Qd7 Rc6 26.
Qxf7 a5 27. Qxd5 axb4 28. Qf5+ Kg8 29. Re2 Qd8 30. cxb4 Rc1+ 31. Kg2 Rd1 32.
Bxd6 Rxd4 33. Bc5 Rd5 34. Qg6 Bf6 35. Re8+ Qxe8 36. Qxe8+ Kh7 37. Be3 Rd8
38. Qe4+ Kg8 39. b5 Kf7 40. b6 Rb8 41. b7 g5 42. Qd5+ Kg6 43. f4 gxf4 44.
Bxf4 {Black forfeits on time} 1-0

[Event "ICCopen2016"]
[Site "Internet Chess Club"]
[Date "2016.06.04"]
[Round "3"]
[White "shredded"]
[Black "eltigrecu"]
[Result "1-0"]
[ICCResult "Black resigns"]
[WhiteElo "2799"]
[BlackElo "2097"]
[Opening "QGD Slav defense"]
[ECO "D10"]
[NIC "SL.01"]
[Time "14:25:30"]
[TimeControl "180+0"]

1. d4 d5 2. c4 c6 3. Nc3 Nf6 4. e3 Bf5 5. cxd5 cxd5 6. Qb3 Qd7 7. Bb5 Nc6 8.
Nf3 e6 9. Ne5 Qc7 10. Qa4 Rc8 11. Qxa7 Bd6 12. Nxc6 bxc6 13. Qxc7 Rxc7 14.
Be2 O-O 15. Bd2 Rb8 16. b3 Bb4 17. f3 c5 18. Nb5 Bxd2+ 19. Kxd2 Rc6 20. Rhc1
Nd7 21. a4 e5 22. Rc3 exd4 23. exd4 c4 24. bxc4 dxc4 25. Rxc4 Rxc4 26. Bxc4
Nb6 27. Bd3 Bxd3 28. Kxd3 h6 29. Nc3 g5 30. a5 Nd7 31. a6 Ra8 32. a7 Nb6 33.
Nb5 Nc8 34. Rc1 Kg7 35. Rxc8 Rxc8 36. Nc7 {Black resigns} 1-0